 Dungeon Crawl Stone Soup version 0.30-a0-313-gae38170b09 (webtiles) character file.

Game seed: 18046192361042791921

13232 timneilson the Blocker (level 12, 0/73 HPs)
             Began as a Gargoyle Fighter on Oct 26, 2022.
             Was an Elder of Okawaru.
             Killed from afar by a wretched star (18 damage)
             ... with a lance of force
             ... on level 2 of the Abyss on Oct 27, 2022.
             The game lasted 00:27:52 (10886 turns).

timneilson the Blocker (Gargoyle Fighter)          Turns: 10886, Time: 00:27:53

Health: 0/73       AC: 34    Str: 26    XL:     12   Next: 3%
Magic:  0/14       EV: 10    Int: 11    God:    Okawaru [****..]
Gold:   241        SH: 13    Dex: 12    Spells: 11/11 levels left

rFire   . . .      SeeInvis +    B - +8 autumn katana {vorpal, manifold assault}
rCold   . . .      Faith    .    x - +0 kite shield
rNeg    + . .      Spirit   +    r - +0 plate armour
rPois   ∞          Reflect  .    (no helmet)
rElec   +          Harm     .    (no cloak)
rCorr   +          Rampage  .    b - +0 pair of gloves
Will    +....      Clarity  +    w - +1 pair of boots
Stlth   ..........               C - amulet of guardian spirit
HPRegen 0.32/turn                f - ring of Quhie {rPois Int+3 Slay+3}
MPRegen 0.14/turn                c - ring "Gaoraff" {Will+ rCorr AC+4 Dex+3}

@: heroic
A: sickness immunity, AC +8, negative energy resistance 1, electricity
resistance, torment resistance 1, petrification resistance, see invisible,
clarity
a: Renounce Religion, Heroism, Finesse


You were on level 2 of the Abyss.
You worshipped Okawaru.
Okawaru was greatly pleased with you.
You visited 2 branches of the dungeon, and saw 12 of its levels.
You visited the Abyss 1 time.
You also visited: Sewer.

You collected 1369 gold pieces.
You spent 1128 gold pieces at shops.

Inventory:

Hand Weapons
 a - a +4 falchion of flaming
 B - the +8 autumn katana (weapon) {vorpal, manifold assault}
   (You acquired it on level 7 of the Dungeon)

   It sometimes launches melee attacks against multiple visible enemies.
Missiles
 D - a throwing net (quivered)
Armour
 b - a +0 pair of gloves (worn)
 r - a +0 plate armour (worn)
 v - a +2 tower shield
 w - a +1 pair of boots (worn)
 x - a +0 kite shield (worn)
Jewellery
 c - the ring "Gaoraff" (right hand) {Will+ rCorr AC+4 Dex+3}
   (You found it on level 6 of the Dungeon)

   [ring of protection]

   AC:        It affects your AC (+4).
   Dex:       It affects your dexterity (+3).
   rCorr:     It protects you from acid and corrosion.
   Will:      It increases your willpower.
 f - the ring of Quhie (left hand) {rPois Int+3 Slay+3}
   (You bought it in a shop on level 5 of the Dungeon)

   [ring of poison resistance]

   Int:       It affects your intelligence (+3).
   Slay:      It affects your accuracy & damage with ranged weapons and melee
   (+3).
   rPois:     It protects you from poison.
 k - a ring of willpower
 C - an amulet of guardian spirit (around neck)
Wands
 q - a wand of roots (8)
 u - a wand of acid (2)
 z - a wand of digging (7)
Scrolls
 e - 3 scrolls of enchant armour
 g - 2 scrolls of fear
 j - 2 scrolls of fog
 l - 5 scrolls of identify
 n - 2 scrolls of teleportation
 y - 2 scrolls of blinking
Potions
 d - 2 potions of might
 i - a potion of lignification
 m - a potion of invisibility
 o - a potion of flight
 s - 2 potions of haste
 t - 2 potions of mutation
 A - 2 potions of curing


   Skills:
 + Level 7.7(12.7) Fighting
 * Level 8.6(13.6) Long Blades
 * Level 10.5(15.5) Armour
 + Level 5.2(10.2) Dodging
 * Level 10.5(15.5) Shields
 + Level 3.4 Invocations
 + Level 4.2 Evocations


You had 11 spell levels left.
You didn't know any spells.
Your spell library contained the following spells:

 Spells                   Type           Power      Damage    Failure   Level
 Poisonous Vapours        Pois/Air       0%         N/A       99%         2
 Scorch                   Fire           0%         2d5       99%         2
 Gell's Gravitas          Tloc           0%         N/A       100%        3
 Mephitic Cloud           Conj/Pois/Air  0%         N/A       100%        3
 Ozocubu's Armour         Ice            0%         N/A       100%        3
 Teleport Other           Tloc           0%         N/A       100%        3
 Dispel Undead            Necr           0%         3d6       100%        4
 Flame Wave               Conj/Fire      0%         2d4       100%        4
 Dispersal                Tloc           0%         N/A       100%        6
 Ozocubu's Refrigeration  Ice            0%         4d7       100%        7
 Cigotuvi's Dreadful Rot  Necr/Pois/Air  Unusable   N/A       N/A         2
 Death Channel            Necr           Unusable   N/A       N/A         6
 Summon Cactus Giant      Summ           Unusable   N/A       N/A         6

Dungeon Overview and Level Annotations

Branches:
Dungeon (11/15)            Temple (1/1) D:7            Lair (0/5) D:9
    Orc (0/2) D:10          Sewer (visited)

Altars:
Ashenzari
Cheibriados
Dithmenos
Elyvilon
Fedhas
Gozag
Hepliaklqana
Kikubaaqudgha
Makhleb
Nemelex Xobeh
Okawaru
Qazlal
Ru
Sif Muna
Trog
Uskayaw
Vehumet
Wu Jian
Xom
Yredelemnul
Zin
The Shining One

Shops:
D:2 *[*?   D:5 *   D:7 ?

Annotations:
D:9 1 runed translucent door, NinjaNoafa's ghost, novice TrMo
D:11 Erolcha


Innate Abilities, Weirdness & Mutations

You are immune to sickness and miasma.
Your stone body is resilient. (AC +8)
You are immune to poison.
You resist negative energy. (rN+)
You are resistant to electric shocks. (rElec)
You are resistant to unholy torment.
You are immune to petrification.
You have supernaturally acute eyesight. (SInv)
You possess an exceptional clarity of mind.


Message History

You slash the smoke demon!
You slice through the folds of space itself!
You hit the neqoxec.
You hit the wretched star but do no damage.
The smoke demon is severely wounded.
The smoke demon gestures at you. Something smites you!
* * * LOW HITPOINT WARNING * * *
You slash the smoke demon!
You kill the smoke demon!
Okawaru is honoured by your kill.
You have reached level 12!
You feel stronger.
You barely miss the neqoxec.
The neqoxec is lightly wounded.
The neqoxec closely misses you.
You slash the neqoxec!
The neqoxec is heavily wounded.
You slice the neqoxec!!
You kill the neqoxec!
Okawaru accepts your kill.
Unknown command.
You slash the thrashing horror!
The thrashing horror is lightly damaged.
The thrashing horror barely misses you.
The thrashing horror tramples you but does no damage.
You block the thrashing horror's attack.
The thrashing horror closely misses you.
The thrashing horror misses you.
The thrashing horror tramples you but does no damage.
You hit the thrashing horror.
The thrashing horror is moderately damaged.
You block the thrashing horror's attack. x2
You slash the wretched star!
The wretched star is lightly damaged.
You block the thrashing horror's attack.
The thrashing horror tramples you but does no damage.
The wretched star glows turbulently.
The lance of force hits you!!
You die...

...#.. §..
#. ## ####
#. ....# ...
#... .###.
### #.....
... .
...#~#..#..#
##.~....# ##
...~~...###
#.# #.. ##~.
#X@##.# ..#
#≈ .##.*.###
. #~~.
###...#
##~.#.*≈#~.#
~≈.. ≈.
~#~~≈ ~~~~~≈
~≈ ~#~~
♣≈~~~≈≈ ~#~
≈≈ ~ ~#~##
≈~≈~ ~. ...#
≈~ ~ #


You could see a wretched star and a thrashing horror.

Vanquished Creatures
  A hydra (D:8)
  A two-headed ogre (D:9)
  2 cyclopes
  An ugly thing (D:9)
  A manticore (D:7)
  Joseph (D:7)
  A smoke demon (Abyss:2)
  A gargoyle (D:10)
  Psyche (D:8)
  2 kobold demonologists (D:9)
  A komodo dragon (D:9)
  A hornet (D:10)
  4 flying skulls (Abyss:2)
  15 yaks
  A neqoxec (Abyss:2)
  An acid dragon (D:8)
  5 water moccasins
  2 sky beasts
  3 ice beasts
  4 orc warriors
  An ogre (D:5)
  2 black bears
  4 centaurs
  A phantom (D:5)
  Blork the orc (D:5)
  4 kobold brigands
  3 necrophages
  7 bullfrogs
  2 gnoll sergeants (D:9)
  2 scorpions (D:4)
  16 wights
  5 killer bees (D:6)
  A howler monkey (D:8)
  A hound (D:5)
  3 jellies (D:6)
  A gnoll bouda (D:8)
  5 orc priests
  3 iguanas
  5 orc wizards
  18 gnolls
  11 adders
  4 river rats (Sewer)
  A shadow imp (D:7)
  2 white imps
  An ufetubus (D:5)
  2 worms
  3 dart slugs
  17 orcs
  7 endoplasms
  6 giant cockroaches
  7 goblins
  6 hobgoblins
  6 jackals
  28 kobolds
  10 quokkas
  7 ball pythons
  8 bats
  6 frilled lizards
  31 rats
297 creatures vanquished.

Vanquished Creatures (others)
  An orc wizard (D:10)
  15 fungi (D:9)
  8 plants (D:9)
24 creatures vanquished.

Grand Total: 321 creatures vanquished

Notes
Turn   | Place    | Note
-------+----------+-------------------------------------------
     0 | D:1      | timneilson the Gargoyle Fighter began the quest for the
                  | Orb.
     0 | D:1      | Reached XP level 1. HP: 14/14 MP: 1/1
   130 | D:1      | Reached XP level 2. HP: 19/19 MP: 2/2
   567 | D:1      | Reached XP level 3. HP: 23/23 MP: 3/3
  1035 | D:2      | Found Egguotul's Armour Boutique.
  1380 | D:2      | Found Vomokhloe's Magic Scroll Shoppe.
  1444 | D:2      | Reached XP level 4. HP: 28/28 MP: 4/4
  1540 | D:2      | Found a faded altar of an unknown god.
  1658 | D:2      | Found Qitoi's Assorted Antiques.
  1730 | D:2      | Found Fiysmoet's General Store.
  2030 | D:3      | Reached skill level 1 in Dodging
  2501 | D:3      | Reached XP level 5. HP: 24/33 MP: 5/5
  3058 | D:4      | Reached XP level 6. HP: 15/38 MP: 6/6
  3444 | D:5      | Entered Level 5 of the Dungeon
  3574 | D:5      | Noticed Blork the orc
  3588 | D:5      | Killed Blork the orc
  3589 | D:5      | Reached skill level 5 in Armour
  3589 | D:5      | Reached skill level 5 in Shields
  3640 | D:5      | Found a glowing drain.
  3669 | Sewer    | Entered a sewer
  3736 | Sewer    | Reached XP level 7. HP: 43/43 MP: 7/7
  4331 | Sewer    | Identified a scroll of acquirement
  4331 | Sewer    | Acquired 844 gold pieces
  4562 | D:5      | Reached XP level 8. HP: 32/48 MP: 8/8
  4659 | D:5      | Found Haxisut's General Store.
  4662 | D:5      | Found Aczyidur's Specific Store.
  4672 | D:5      | Bought the ring of Quhie {rPois Int+3 Slay+3} for 504 gold
                  | pieces
  5370 | D:5      | Reached skill level 5 in Fighting
  5407 | D:6      | Reached skill level 5 in Long Blades
  5662 | D:6      | Identified the ring "Gaoraff" {Will+ rCorr AC+4 Dex+3}
  5748 | D:6      | Reached XP level 9. HP: 48/54 MP: 9/9
  6349 | D:7      | You fall into a shaft and drop 3 floors!
  6349 | D:10     | Entered Level 10 of the Dungeon
  6395 | D:10     | Noticed a gargoyle
  6402 | D:10     | Killed a gargoyle
  6416 | D:10     | Found a staircase to the Orcish Mines.
  6452 | D:10     | Noticed a hornet
  6457 | D:10     | Killed a hornet
  6458 | D:10     | Reached skill level 1 in Evocations
  6493 | D:10     | Found an ornate altar of the Wu Jian Council.
  6620 | D:10     | Reached XP level 10. HP: 38/60 MP: 10/10
  6743 | D:10     | Gained mutation: You have supernaturally acute eyesight.
                  | (SInv) [potion of mutation]
  6743 | D:10     | Gained mutation: You possess an exceptional clarity of
                  | mind. [potion of mutation]
  6802 | D:9      | Noticed a kobold demonologist
  6808 | D:9      | Killed a kobold demonologist
  7002 | D:9      | Noticed a kobold demonologist
  7161 | D:7      | Noticed Joseph
  7182 | D:7      | Killed Joseph
  7227 | D:7      | Noticed a cyclops
  7236 | D:7      | Killed a cyclops
  7251 | D:7      | Found Zic Rean's Magic Scroll Shoppe.
  7254 | D:7      | Bought a scroll of acquirement for 624 gold pieces
  7254 | D:7      | Acquired the +8 autumn katana {vorpal, manifold assault}
  7254 | D:7      | Found the +8 autumn katana {vorpal, manifold assault}
  7558 | D:7      | Found a staircase to the Ecumenical Temple.
  7567 | Temple   | Entered the Ecumenical Temple
  7575 | Temple   | Became a worshipper of Warmaster Okawaru
  8137 | D:7      | Noticed a manticore
  8148 | D:7      | Killed a manticore
  8342 | D:8      | Reached skill level 1 in Invocations
  8389 | D:8      | Reached * piety under Okawaru
  8403 | D:8      | Reached XP level 11. HP: 66/66 MP: 11/11
  8408 | D:8      | Noticed Psyche
  8414 | D:8      | Killed Psyche
  8450 | D:8      | Noticed an eight-headed hydra
  8461 | D:8      | Killed a one-headed hydra
  8980 | D:8      | Reached ** piety under Okawaru
  9055 | D:9      | Found a staircase to the Lair.
  9172 | D:9      | Noticed a two-headed ogre
  9182 | D:9      | Killed a two-headed ogre
  9252 | D:9      | Found a runed translucent door.
  9257 | D:9      | Noticed NinjaNoafa's ghost (novice TrMo)
  9257 | D:9      | Noticed a centaur warrior
  9305 | D:9      | Noticed a brown ugly thing
  9315 | D:9      | Killed a brown ugly thing
  9316 | D:9      | Reached skill level 10 in Shields
  9409 | D:9      | Reached *** piety under Okawaru
  9410 | D:9      | Reached skill level 10 in Armour
  9436 | D:9      | Reached skill level 5 in Dodging
  9917 | D:9      | Reached **** piety under Okawaru
 10667 | D:11     | Noticed a cyclops
 10675 | D:11     | Killed a cyclops
 10675 | D:11     | Received a gift from Okawaru
 10760 | D:11     | Noticed Erolcha
 10761 | Abyss:2  | Found a corrupted altar of Lugonu.
 10761 | Abyss:2  | Cast into level 2 of the Abyss (Erolcha)
 10872 | Abyss:2  | Noticed a thrashing horror
 10876 | Abyss:2  | Noticed a wretched star
 10879 | Abyss:2  | Reached XP level 12. HP: 16/73 MP: 2/14
 10886 | Abyss:2  | Killed from afar by a wretched star

Illustrated notes

Levels and vault maps discovered:
D:1:      shiori_arrival_maze, layout_loops_corners
D:2:      minmay_alternating_diamond, layout_basic,
          shapermc_ecumenical_altar_mp_highgroup, serial_shops,
          nicolae_shop_advertising_works [nicolae_subvault_shop_adworks],
          nicolae_lakefront_shop, shop, shop_coins
D:3:      layout_basic, serial_glass, glass_columns_b, glass_columns_a,
          glass_columns_c, glass_columns_a, glass_columns_a, dk_vineyard_2
D:4:      layout_loops_ring
D:5:      layout_basic, gup_sewer_entry_pipe, nicolae_specific_store,
          uniq_blork_the_orc
D:6:      layout_loops_ring
D:7:      layout_gridville, minmay_temple_entry_water_ring, serial_shops,
          kennysheep_mini, uniq_joseph
D:8:      layout_loops_ring, uniq_psyche
D:9:      layout_grid_maze, grunt_lair_entry_orc_guard_hut,
          ebering_ghost_inner_flame
D:10:     layout_irregular_city, nzn_wu_jian_council_hall, david_orc_2
D:11:     layout_loops_cross, laboratory, uniq_amaemon, uniq_erolcha, uniq_urug,
          uniq_sonja
Temple:   regret_index_temple_sigil_plot
Abyss:2:  base:
D:8

Skill      XL: |  1  2  3  4  5  6  7  8  9 10 11 |
---------------+----------------------------------+-----
Long Blades    | 2 3 4 5 6 7 8 |  8.6
Shields        | 4 5 6 8 9 10 | 10.5
Dodging        | 1 2 3 4 5 |  5.2
Armour         | 4 5 6 8 9 10 | 10.5
Fighting       | 4 5 6 7 |  7.7
Evocations     | 1 3 4 |  4.2
Invocations    | 1 3 |  3.4

Action                   |  1- 3 |  4- 6 |  7- 9 | 10-12 || total
-------------------------+-------+-------+-------+-------++-------
Melee: Long sword        |   151 |   171 |       |       ||   322
       Scimitar          |       |    47 |   443 |    78 ||   568
       Katana            |       |       |       |   322 ||   322
       Falchion          |       |       |       |     9 ||     9
Invok: Heroism           |       |       |       |     2 ||     2
Evoke: Wand              |       |       |       |     5 ||     5
  Use: Scroll            |     5 |     5 |     6 |     4 ||    20
       Potion            |       |     1 |    13 |     6 ||    20
Armor: Scale mail        |   110 |    78 |       |       ||   188
       Chain mail        |       |    29 |   416 |    22 ||   467
       Plate armour      |       |       |       |   203 ||   203
Dodge: Dodged            |   101 |    89 |   241 |    98 ||   529
Block: Buckler           |    46 |    57 |   151 |       ||   254
       Kite shield       |       |       |    74 |   198 ||   272

Table legend: (Time is in decaauts)
 A = Elapsed time spent in this place.
 B = Non-inter-level travel time spent in this place.
 C = Inter-level travel time spent in this place.
 D = Time resting spent in this place.
 E = Time spent auto-exploring this place.
 F = Levels seen in this place.
 G = Mean time per level.
                   A        B        C        D        E       F      G
               +--------+--------+--------+--------+--------+-----+--------+
         Total |  11131 |  10764 |    367 |    417 |   7244 |  14 |  795.1 |
       Dungeon |   9981 |   9623 |    358 |    304 |   6766 |  11 |  907.4 |
        Temple |    261 |    252 |      9 |      0 |    226 |   1 |  261.0 |
         Abyss |    119 |    119 |      0 |      0 |      0 |   1 |  119.0 |
         Sewer |    768 |    768 |      0 |    113 |    252 |   1 |  768.0 |
               +--------+--------+--------+--------+--------+-----+--------+

Top non-repeatable levels by time:
     D:9: 1481 daAuts
     D:5: 1158 daAuts
     D:4: 1127 daAuts
     D:1: 1057 daAuts
     D:6: 1016 daAuts
     D:7: 955 daAuts
     D:2: 887 daAuts
    D:10: 835 daAuts
     D:8: 771 daAuts
   Sewer: 768 daAuts
     D:3: 597 daAuts
  Temple: 261 daAuts
 Abyss:2: 119 daAuts
    D:11: 93 daAuts
